 Dungeon Sprint DCSS version 0.30.1-11-g7821555f0a (webtiles) character file.

Game seed: 5970654437822048445

61548 Heoruswealwe the Minotaur Porcupine (level 14, -6/155 HPs)
             Began as a Minotaur Fighter on Jan 10, 2024.
             Was an Initiate of Gozag.
             Mangled by an ettin
             ... wielding a +0 dire flail
              (19 damage)
             ... in the Dungeon (Sprint IX: "|||||||||||||||||||||||||||||").
             The game lasted 00:39:00 (4908 turns).

Heoruswealwe the Minotaur Porcupine (MiFi)          Turns: 4908, Time: 00:39:06

Health: -6/155     AC: 27    Str: 25      XL:     14   Next: 61%
Magic:  13/13      EV: 12    Int:  2 (5)  God:    Gozag
Gold:   1179       SH:  0    Dex: 11      Spells: 13/13 levels left

rFire   + + .        b - +6 bardiche (heavy)
rCold   . . .        (shield currently unavailable)
rNeg    . . .        c - +0 plate armour
rPois   .            (helmet restricted)
rElec   .            h - +2 cloak {rCorr}
rCorr   +            f - +1 pair of gloves
SInv    .            (no boots)
Will    +....        (no amulet) Stlth
                     k - ring of protection from fire
HPRegen 0.45/turn    j - ring of protection from fire
MPRegen 0.13/turn

%: no teleportation
@: no status effects
A: horns 2, retaliatory headbutt
a: Renounce Religion, Potion Petition, Call Merchant, Bribe Branch


You were in the Dungeon.
You worshipped Gozag.
Gozag was most pleased with you.
You visited 1 branch You collected 14605 gold pieces.
You spent 8975 gold pieces at shops.
You paid 4451 gold pieces to Gozag.

Inventory:

Hand Weapons
 a - a +0 demon trident of venom
 b - a +6 heavy bardiche (weapon)
 l - a +2 vampiric glaive
 m - the +8 frozen axe "Frostbite" {freeze, freezing cloud, *Noise Fly rC+}
   (You bought it in a shop in the Dungeon)

   rC:        It protects you from cold.
   Fly:       It grants you flight.
   *Noise:    It may make noises in combat.
Armour
 c - a +0 plate armour (worn)
 d - a +0 kite shield
 f - a +1 pair of gloves (worn)
 h - a +2 cloak of preservation (worn)
Jewellery
 j - a ring of protection from fire (right hand)
 k - a ring of protection from fire (left hand)
Wands
 o - a wand of flame (25)
 t - a wand of paralysis (8)
 x - a wand of iceblast (15)
Scrolls
 n - 3 scrolls of identify
 r - a scroll of enchant armour
 s - a scroll of silence
 v - 6 scrolls of blinking
Potions
 e - 5 potions of curing
 g - 4 potions of haste
 i - a potion of berserk rage
 p - 7 potions of heal wounds
 q - a potion of might
 z - a potion of mutation
Miscellaneous
 u - a lightning rod (4/4)
 w - a phial of floods


   Skills:
 + Level 22.7 Fighting
 O Level 27 Polearms
 + Level 22.7 Armour
 + Level 10.5 Dodging
 + Level 12.0 Shields
 + Level 8.8 Evocations


You had 13 spell levels left.
You didn't know any spells.
Your spell library contained the following spells:

 Spells                   Type           Power      Damage    Failure   Level
 Ensorcelled Hibernation  Hex/Ice        0%         N/A       99%         2
 Passwall                 Tmut/Erth      0%         N/A       99%         2
 Swiftness                Air            0%         N/A       100%        3


Dungeon Overview and Level Annotations

Branches:
Dungeon (1/1)

Altars:
Cheibriados
Dithmenos
Elyvilon
Fedhas
Gozag
Hepliaklqana
Kikubaaqudgha
Makhleb
Nemelex Xobeh
Okawaru
Qazlal
Ru
Sif Muna
Trog
Uskayaw
Vehumet
Wu Jian
Xom
Yredelemnul
Zin
The Shining One
Jiyva
Lugonu

Shops:
D =*?*?*((*


Innate Abilities, Weirdness & Mutations

You have a pair of horns on your head.
You reflexively headbutt those who attack you in melee.


Message History

The hell knight shouts!
You chop the hell knight into pieces!!!!
You kill the hell knight!
You slash the kobold!
You kill the kobold!
The kobold's corpse dissolves into shadows!
The glowing orange brain pulsates.
You feel dopey. Something feeds on your intellect!
There is an open door to the Dungeon, spattered with blood here.
Items here: $ ))))) [.
You chop the glowing orange brain into pieces!!!
You kill the glowing orange brain!
Your Shields skill increases to level 12!
Reach: b) +6 bardiche (heavy)
Press: ? - help, Dir - move target, f - ettin
Aim: an ettin, wielding two +0 dire flails (about 12% to evade your +6 heavy bardiche)
You reach to attack!
You hit the ettin but do no damage. You hit the ettin but do no damage.
The frost giant is distracted by your dazzling golden aura.
The ettin hits you with a +0 dire flail!!
The ettin hits you with a +0 dire flail!
* * * LOW HITPOINT WARNING * * *
The frost giant shouts!
You hit the ettin.
The ettin is lightly wounded.
The ettin is distracted by your dazzling golden aura.
The ettin shouts in stereo!
You slice the ettin!!
The ettin is no longer distracted by gold.
The ettin is heavily wounded.
The ettin barely misses you.
The ettin hits you with a +0 dire flail.
* * * LOW HITPOINT WARNING * * *
A frost giant comes into view.
It is wielding a +2 battleaxe of freezing.
The ettin hits you with a +0 dire flail!!
* * * LOW HITPOINT WARNING * * *
The ettin hits you with a +0 dire flail!!
You die...
Your body crumbles into a pile of gold.

▓▓▓▓▓▓▓▓▓▓▓▓▓▓▓▓▓▓▓▓▓▓▓▓
.............$..@CC....C
▓▓▓▓▓▓▓▓▓▓▓▓▓▓▓▓▓▓▓▓▓▓▓▓▓▓▓▓▓▓▓▓▓
.................)...............
▓▓▓▓▓▓▓▓▓▓▓▓▓▓▓▓▓▓▓▓▓▓▓▓♣♣♣♣♣♣♣♣♣
..............'.........[........
▓▓▓▓▓▓▓▓▓▓▓▓▓▓▓▓▓▓▓▓▓▓▓▓♣♣♣♣♣♣♣♣♣
............................[....
▓▓▓▓▓▓▓▓▓▓▓▓▓▓▓▓▓▓▓▓▓▓▓▓▓▓▓▓▓▓▓▓▓
........'==.=.)))))))).[[[[[[[[.!


You could see 2 frost giants and an ettin.

Vanquished Creatures
  A thorn hunter (D)
  A fenstrider witch (D)
  Donald (D)
  A fire giant (D)
  2 frost giants (D)
  A very ugly thing (D)
  A stone giant (D)
  Nessos (D)
  A spark wasp (D)
  2 ettins (D)
  A fire dragon (D)
  A merfolk impaler (D)
  Harold (D)
  A salamander tyrant (D)
  A rakshasa (D)
  A radroach (D)
  An ice dragon (D)
  A centaur warrior (D)
  2 boulder beetles (D)
  A merfolk avatar (D)
  A satyr (D)
  A naga warrior (D)
  A tengu warrior (D)
  A deep troll earth mage (D)
  Urug (D)
  A hell knight (D)
  2 swamp dragons (D)
  A naga ritualist (D)
  A spriggan druid (D)
  3 orb spiders (D)
  A sea snake (D)
  3 glowing orange brains (D)
  A deep elf pyromancer (D)
  2 orc knights (D)
  A lindwurm (D)
  A mana viper (D)
  7 orc sorcerers (D)
  2 ugly things (D)
  A wolf spider (D)
  3 will-o-the-wisps (D)
  4 cyclopes (D)
  A manticore (D)
  A merfolk siren (D)
  3 black mambas (D)
  A naga mage (D)
  A water nymph (D)
  Maurice (D)
  A guardian serpent (D)
  A demonic crawler (D)
  4 komodo dragons (D)
  5 cane toads (D)
  A rime drake (D)
  Psyche (D)
  A hornet (D)
  A troll (D)
  2 tyrant leeches (D)
  A tarantella (D)
  2 merfolk (D)
  3 blink frogs (D)
  A snapping turtle (D)
  A spriggan (D)
  A vampire (D)
  2 yaks (D)
  2 basilisks (D)
  A redback (D)
  3 vampire mosquitoes (D)
  2 water moccasins (D)
  9 orc warriors (D)
  An ice beast (D)
  2 wolves (D)
  An ogre (D)
  A kobold brigand (D)
  2 bullfrogs (D)
  A scorpion (D)
  6 orc priests (D)
  13 orc wizards (D)
  A gnoll (D)
  A dart slug (D)
  3 orcs (D)
  A bat simulacrum (D)
  A frilled lizard (D)
  A goblin (D)
  A kobold (D)
  A rat (D)
152 creatures vanquished.

Vanquished Creatures (others)
  2 foxfires (D)
2 creatures vanquished.

Grand Total: 154 creatures vanquished

Notes
Turn   | Place    | Note
-------+----------+-------------------------------------------
     0 | D        | Heoruswealwe the Minotaur Fighter began the quest for the
                  | Orb.
     0 | D        | Reached XP level 1. HP: 19/19 MP: 0/0
     9 | D        | Reached skill level 3 in Polearms
    21 | D        | Noticed a scorpion
    21 | D        | Noticed an ice beast
    21 | D        | Noticed an ogre
    24 | D        | Killed a scorpion
    25 | D        | Reached skill level 5 in Fighting
    25 | D        | Reached skill level 6 in Polearms
    25 | D        | Reached skill level 5 in Armour
    25 | D        | Reached XP level 2. HP: 28/30 MP: 1/1
    25 | D        | Reached XP level 3. HP: 35/37 MP: 2/2
    26 | D        | Reached skill level 7 in Polearms
    26 | D        | Reached XP level 4. HP: 42/44 MP: 3/3
    35 | D        | Killed an ice beast
    36 | D        | Reached skill level 9 in Polearms
    36 | D        | Reached XP level 5. HP: 31/52 MP: 4/4
    39 | D        | Killed an ogre
    40 | D        | Reached skill level 10 in Polearms
    46 | D        | Found a snail-covered altar of Cheibriados.
    46 | D        | Found a shadowy altar of Dithmenos.
    46 | D        | Found a white marble altar of Elyvilon.
    46 | D        | Found a blossoming altar of Fedhas.
    46 | D        | Found an opulent altar of Gozag.
    47 | D        | Found a hazy altar of Hepliaklqana.
    48 | D        | Found a viscous altar of Jiyva.
    49 | D        | Found an ancient bone altar of Kikubaaqudgha.
    50 | D        | Found a corrupted altar of Lugonu.
    51 | D        | Found a burning altar of Makhleb.
    52 | D        | Found a sparkling altar of Nemelex Xobeh.
    53 | D        | Found an iron altar of Okawaru.
    54 | D        | Became a worshipper of Gozag Ym Sagoz the Greedy
    55 | D        | Found a stormy altar of Qazlal.
    56 | D        | Found a sacrificial altar of Ru.
    57 | D        | Found a shimmering blue altar of Sif Muna.
    58 | D        | Found a bloodstained altar of Trog.
    59 | D        | Found a hide-covered altar of Uskayaw.
    60 | D        | Found a radiant altar of Vehumet.
    61 | D        | Found an ornate altar of the Wu Jian Council.
    62 | D        | Found a shimmering altar of Xom.
    63 | D        | Found a basalt altar of Yredelemnul.
    64 | D        | Found a glowing silver altar of Zin.
    65 | D        | Found a glowing golden altar of the Shining One.
   134 | D        | Noticed a yak
   134 | D        | Noticed a troll
   134 | D        | Noticed a yak
   134 | D        | Noticed a vampire
   138 | D        | Killed a yak
   139 | D        | Reached skill level 12 in Polearms
   139 | D        | Reached XP level 6. HP: 51/63 MP: 5/5
   148 | D        | Killed a troll
   149 | D        | Reached skill level 10 in Fighting
   149 | D        | Reached skill level 13 in Polearms
   149 | D        | Reached skill level 10 in Armour
   149 | D        | Reached XP level 7. HP: 52/72 MP: 6/6
   151 | D        | Killed a yak
   152 | D        | Reached skill level 14 in Polearms
   178 | D        | Killed a vampire
   337 | D        | Noticed a vampire mosquito
   337 | D        | Noticed a centaur warrior
   337 | D        | Noticed a cyclops
   337 | D        | Noticed a purple ugly thing
   337 | D        | Noticed a cyclops
   337 | D        | Noticed a tengu warrior
   340 | D        | Killed a vampire mosquito
   341 | D        | Reached skill level 15 in Polearms
   341 | D        | Reached XP level 8. HP: 81/82 MP: 7/7
   343 | D        | Killed a centaur warrior
   344 | D        | Reached skill level 16 in Polearms
   349 | D        | Killed a cyclops
   350 | D        | Reached skill level 17 in Polearms
   350 | D        | Reached XP level 9. HP: 86/92 MP: 8/8
   354 | D        | Killed a purple ugly thing
   358 | D        | Killed a cyclops
   359 | D        | Reached skill level 18 in Polearms
   364 | D        | Killed a tengu warrior
   604 | D        | Noticed a cane toad
   604 | D        | Noticed a komodo dragon
   604 | D        | Noticed a cane toad
   604 | D        | Noticed a rime drake
   607 | D        | Killed a cane toad
   608 | D        | Reached skill level 19 in Polearms
   613 | D        | Noticed a komodo dragon
   619 | D        | Killed a komodo dragon
   620 | D        | Reached XP level 10. HP: 102/104 MP: 9/9
   625 | D        | Killed a cane toad
   636 | D        | Reached skill level 20 in Polearms
   644 | D        | Reached skill level 15 in Fighting
   644 | D        | Reached skill level 15 in Armour
   770 | D        | Noticed a cane toad
   770 | D        | Noticed a lindwurm
   781 | D        | Killed a cane toad
   782 | D        | Noticed a cane toad
   813 | D        | Killed a lindwurm
   814 | D        | Reached skill level 21 in Polearms
   817 | D        | Killed a cane toad
  1028 | D        | Noticed a cane toad
  1050 | D        | Killed a cane toad
  1051 | D        | Reached XP level 11. HP: 52/114 MP: 10/10
  1053 | D        | Reached skill level 22 in Polearms
  1266 | D        | Noticed Urug
  1279 | D        | Killed Urug
  1566 | D        | Noticed an orc sorcerer
  1566 | D        | Noticed an orc sorcerer
  1567 | D        | Noticed an orc knight
  1572 | D        | Killed an orc sorcerer
  1578 | D        | Killed an orc sorcerer
  1579 | D        | Reached skill level 23 in Polearms
  1580 | D        | Noticed an orc sorcerer
  1596 | D        | Killed an orc knight
  1597 | D        | Noticed a sixfirhy
  1601 | D        | Killed an orc sorcerer
  1621 | D        | Noticed an orc knight
  1637 | D        | Killed an orc knight
  1835 | D        | Found Wosm's Jewellery Emporium.
  1836 | D        | Noticed an orc sorcerer
  1839 | D        | Noticed an orc sorcerer
  1848 | D        | Noticed a sixfirhy
  1848 | D        | Killed an orc sorcerer
  1861 | D        | Killed an orc sorcerer
  1862 | D        | Reached skill level 24 in Polearms
  1867 | D        | Found Jisiefy's General Store.
  1871 | D        | Found Mydesad's Magic Scroll Emporium.
  1873 | D        | Noticed an orc sorcerer
  1874 | D        | Found Egaublett's Assorted Antiques.
  1885 | D        | Paralysed by an orc sorcerer for 2 turns
  1890 | D        | Noticed an orc sorcerer
  1893 | D        | Killed an orc sorcerer
  1900 | D        | Killed an orc sorcerer
  2022 | D        | Bought a potion of curing for 63 gold pieces
  2022 | D        | Bought a copper wand for 84 gold pieces
  2022 | D        | Bought a scroll labelled DUTHAG VOGYO for 21 gold pieces
  2024 | D        | Bought a scroll of blinking for 97 gold pieces
  2024 | D        | Bought a scroll of silence for 123 gold pieces
  2024 | D        | Bought a scroll of fog for 52 gold pieces
  2024 | D        | Bought a scroll of identify for 26 gold pieces
  2024 | D        | Bought a scroll of immolation for 52 gold pieces
  2024 | D        | Bought a scroll of poison for 52 gold pieces
  2026 | D        | Bought a potion of attraction for 36 gold pieces
  2026 | D        | Bought a potion of lignification for 36 gold pieces
  2026 | D        | Bought a scroll of identify for 24 gold pieces
  2026 | D        | Bought a scroll of vulnerability for 48 gold pieces
  2026 | D        | Bought a potion of mutation for 96 gold pieces
  2068 | D        | Bought a scroll of acquirement for 728 gold pieces
  2068 | D        | Bought a scroll of brand weapon for 133 gold pieces
  2068 | D        | Bought a scroll of enchant weapon for 105 gold pieces
  2068 | D        | Bought a scroll of enchant weapon for 105 gold pieces
  2068 | D        | Bought a scroll of brand weapon for 133 gold pieces
  2077 | D        | Bought a lightning rod (4/4) for 1050 gold pieces
  2077 | D        | Bought a scroll of identify for 70 gold pieces
  2077 | D        | Bought a heavily runed cloak for 332 gold pieces
  2077 | D        | Identified the +0 cloak of the Tormentor {rCorr} (You
                  | bought it in a shop in the Dungeon)
  2077 | D        | Bought a phial of floods for 1400 gold pieces
  2077 | D        | Bought a wand of flame (7) for 171 gold pieces
  2130 | D        | Acquired 1030 gold pieces
  2168 | D        | Noticed Psyche
  2177 | D        | Killed Psyche
  2223 | D        | Noticed Harold
  2229 | D        | Killed Harold
  2405 | D        | Noticed a deep elf pyromancer
  2405 | D        | Noticed a boulder beetle
  2406 | D        | Noticed a rakshasa
  2406 | D        | Killed a deep elf pyromancer
  2408 | D        | Noticed a boulder beetle
  2409 | D        | Killed a boulder beetle
  2410 | D        | Reached skill level 25 in Polearms
  2410 | D        | Reached XP level 12. HP: 128/128 MP: 11/11
  2420 | D        | Noticed a stone giant
  2423 | D        | Killed a boulder beetle
  2427 | D        | Noticed a stone giant
  2428 | D        | Noticed a stone giant
  2429 | D        | Killed a rakshasa
  2431 | D        | Noticed a fire dragon
  2435 | D        | Noticed a frost giant
  2442 | D        | Killed a stone giant
  2445 | D        | Killed a fire dragon
  2446 | D        | Reached skill level 26 in Polearms
  2446 | D        | Noticed a fire giant
  2449 | D        | Killed a frost giant
  2452 | D        | Killed a fire giant
  2459 | D        | Noticed a green very ugly thing
  2461 | D        | Noticed a frost giant
  2473 | D        | Killed a green very ugly thing
  2475 | D        | Killed a frost giant
  2623 | D        | Bought the +8 frozen axe "Frostbite" {freeze, freezing
                  | cloud, *Noise Fly rC+} for 1906 gold pieces
  2623 | D        | Found the +8 frozen axe "Frostbite" {freeze, freezing
                  | cloud, *Noise Fly rC+}
  2626 | D        | Bought an orange potion for 26 gold pieces
  2626 | D        | Bought a wand of flame (6) for 121 gold pieces
  2626 | D        | Bought a potion of curing for 87 gold pieces
  2626 | D        | Bought a potion of heal wounds for 145 gold pieces
  2626 | D        | Bought a small bronze ring for 145 gold pieces
  2647 | D        | Reached skill level 1 in Dodging
  2647 | D        | Reached skill level 1 in Evocations
  2647 | D        | Reached XP level 13. HP: 118/139 MP: 12/12
  2844 | D        | Noticed Donald
  2850 | D        | Killed Donald
  2851 | D        | Reached skill level 27 in Polearms
  3095 | D        | Reached skill level 5 in Shields
  3099 | D        | Noticed a spark wasp
  3124 | D        | Killed a spark wasp
  3334 | D        | Noticed a thorn hunter
  3337 | D        | Reached skill level 5 in Dodging
  3343 | D        | Reached XP level 14. HP: 141/151 MP: 13/13
  3343 | D        | Noticed a fenstrider witch
  3352 | D        | Killed a thorn hunter
  3353 | D        | Reached skill level 5 in Evocations
  3358 | D        | Paralysed by a fenstrider witch for 3 turns
  3362 | D        | Killed a fenstrider witch
  3839 | D        | Bought a scroll of acquirement for 1508 gold pieces
  3841 | D        | Acquired a +0 demon trident of venom
  4387 | D        | Reached skill level 10 in Shields
  4717 | D        | Noticed Maurice
  4724 | D        | Killed Maurice
  4769 | D        | Noticed Nessos
  4775 | D        | Killed Nessos
  4890 | D        | Reached skill level 10 in Dodging
  4900 | D        | Noticed a frost giant
  4908 | D        | Noticed a frost giant
  4908 | D        | Mangled by an ettin

Illustrated notes

Levels and vault maps discovered:
D:        linesprint [early_d, line_temple, items_1, d_10, items_2, lair_1,
          lair_end, items_3, orc_1, orc_end, items_4, d_15, swamp_1, shoals_1,
          snake_1, spider_1, d_20, vaults_1, items_5, swamp_end, shoals_end,
          snake_end, spider_end, vaults_end, d_27, items_6, zot_1, zot_end,
          crypt_end, forest_end, elf_end, slime_end, tomb_end, abyss_end,
          pan_hell_end]

Skill      XL: |  1  2  3  4  5  6  7  8  9 10 11 12 13 14 |
---------------+-------------------------------------------+-----
Fighting       | 5 6 7 9 10 11 12 14 16 18 20 21 22 | 22.7
Polearms       | 6 7 9 12 13 15 17 19 21 25 26 27 | 27.0
Armour         | 5 6 7 9 10 11 12 14 16 18 20 21 22 | 22.7
Dodging        | 1 5 10 | 10.5
Shields        | 4 7 12 | 12.0
Evocations     | 1 4 8 |  8.8

Action                     |  1- 3 |  4- 6 |  7- 9 | 10-12 | 13-15 || total
---------------------------+-------+-------+-------+-------+-------++-------
  Melee: Trident           |    13 |    14 |       |       |       ||    27
         Headbutt          |     3 |     8 |    12 |    45 |    12 ||    80
         Halberd           |       |    14 |    64 |   192 |       ||   270
         Glaive            |       |       |       |    28 |       ||    28
         Bardiche          |       |       |       |    43 |   124 ||   167
 Invoke: Call Merchant     |       |       |       |     4 |     1 ||     5
    Use: Potion            |     1 |       |     1 |     3 |     2 ||     7
         Scroll            |       |       |       |    11 |     1 ||    12
   Stab: Distracted        |       |       |     1 |     1 |     3 ||     5
 Armour: Scale mail        |     3 |     4 |       |       |       ||     7
         Plate armour      |       |     7 |    34 |    70 |    50 ||   161
         Skin              |       |       |       |     1 |       ||     1
  Dodge: Dodged            |     2 |     9 |    12 |    48 |    28 ||    99
  Block: Buckler           |     1 |     1 |       |       |       ||     2
